 Dungeon Crawl Stone Soup version 0.31.0-12-g77e489cdc1 (webtiles) character file.

Game seed: 596238132359958874

229 Silvore the Slasher (level 5, -7/61 HPs)
             Began as a Demonspawn Fighter on Feb 16, 2024.
             Mangled by Crazy Yiuf
             ... wielding a +2 quarterstaff of chaos
              (12 damage)
             ... on level 3 of the Dungeon.
             The game lasted 00:04:31 (3143 turns).

Silvore the Slasher (Demonspawn Fighter)            Turns: 3143, Time: 00:04:33

Health: -7/61      AC:  8    Str: 18    XL:     5   Next: 71%
Magic:  1/5        EV:  9    Int:  8    God:
Gold:   103        SH:  6    Dex: 13    Spells: 4/4 levels left

rFire   . . .        a - +0 long sword
rCold   . . .        c - +1 buckler
rNeg    . . .        b - +0 scale mail
rPois   .            (no helmet)
rElec   .            (no cloak)
rCorr   +            (no gloves)
SInv    +            (no boots)
Will    .....        (no amulet) Stlth
                     g - ring of resist corrosion
HPRegen 0.30/turn    k - ring of see invisible
MPRegen 0.09/turn

%: no passive effects
@: berserking, lethally poisoned (-7 -> -21), slowed
A: slimy green scales 1, condensation shield
a: no special abilities


You were on level 3 of the Dungeon.
You visited 1 branch of the dungeon, and saw 3 of its levels.

You collected 103 gold pieces.

Inventory:

Hand Weapons
 a - a +0 long sword (weapon)
Missiles
 m - 2 throwing nets (quivered)
Armour
 b - a +0 scale mail (worn)
 c - a +1 buckler (worn)
Jewellery
 g - a ring of resist corrosion (left hand)
 k - a ring of see invisible (right hand)
 n - a ring of ice
Scrolls
 f - a scroll of identify
 o - a scroll of teleportation
 q - a scroll of revelation
Potions
 d - a potion of might
 e - 2 potions of heal wounds
 h - 3 potions of attraction {unknown}
 i - a potion of curing {unknown}
 j - a potion of enlightenment
 l - a potion of lignification {unknown}
 p - 2 potions of cancellation {unknown}
 r - a potion of magic {unknown}
 s - a potion of haste {unknown}


   Skills:
 + Level 3.5 Fighting
 + Level 4.1 Long Blades
 + Level 3.3 Armour
 + Level 1.0 Dodging
 + Level 3.4 Shields


You had 4 spell levels left.
You didn't know any spells.
Your spell library contained the following spells:

 Spells                   Type           Power      Damage    Failure   Level
 Frozen Ramparts          Ice            0%         1d1       99%         3
 Stone Arrow              Conj/Erth      0%         3d7       99%         3
 Animate Armour           Summ/Erth      0%         N/A       100%        4
 Leda's Liquefaction      Alch/Erth      0%         N/A       100%        4
 Petrify                  Alch/Erth      0%         N/A       100%        4
 Metabolic Englaciation   Hex/Ice        0%         N/A       100%        5
 Lehudib's Crystal Spear  Conj/Erth      0%         10d2      100%        8


Dungeon Overview and Level Annotations

Branches:
Dungeon (3/15)

Altars:
Ashenzari

Annotations:
D:3 Crazy Yiuf


Innate Abilities, Weirdness & Mutations

You are partially covered in slimy green scales. (AC +2)
A meltable shield of frost defends you. (SH +0)


Message History

You open the door. You hit Crazy Yiuf but do no damage.
Crazy Yiuf waves his quarterstaff at you.
Crazy Yiuf hits you with a +2 quarterstaff of chaos.
You feel yourself slow down.
You hit Crazy Yiuf.
Crazy Yiuf is lightly wounded.
Crazy Yiuf cries, "You leg down broken song, no?"
You block Crazy Yiuf's attack.
Crazy Yiuf hits you with a +2 quarterstaff of chaos!
You feel your power leaking away.
You hit Crazy Yiuf.
Crazy Yiuf is moderately wounded.
You block Crazy Yiuf's attack.
Crazy Yiuf hits you with a +2 quarterstaff of chaos.
Crazy Yiuf freezes you.
You hit Crazy Yiuf.
Crazy Yiuf is heavily wounded.
You block Crazy Yiuf's attack.
Crazy Yiuf hits you with a +2 quarterstaff of chaos.
A red film seems to cover your vision as you go berserk!
You feel yourself moving faster!
You feel mighty!
You completely miss Crazy Yiuf.
Crazy Yiuf is heavily wounded.
Crazy Yiuf barely misses you.
Unknown command.
You barely miss Crazy Yiuf.
Crazy Yiuf is heavily wounded.
Crazy Yiuf hits you with a +2 quarterstaff of chaos!
Your condensation shield dissipates!
Crazy Yiuf burns you.
* * * LOW HITPOINT WARNING * * *
You barely miss Crazy Yiuf.
Crazy Yiuf is heavily wounded.
Crazy Yiuf hits you with a +2 quarterstaff of chaos!
* * * LOW HITPOINT WARNING * * *
You are lethally poisoned!
Crazy Yiuf laughs, "Papa!"
Crazy Yiuf hits you with a +2 quarterstaff of chaos!
You die...

##### ########### #...#
#.........# ###...### #########.#
#.......# #...# #.#
........####### ###>###.##
#........#..#.### ### ##...##.##
###..........#..##...# #.....#.##
#.....).PP####@g...# #.......##
###.##..#.## ###..)# ###.......
#...####### ### #.###### #...#
#.# # #...# ##'## # ##.## ###
##...## # ##.# #.#### ##.....## #
##..# #.##.## ##.......##
#...#########.#...####.........##


You could see Crazy Yiuf.

Vanquished Creatures
  Natasha (thrice) (D:3)
  3 adders
  4 gnolls (D:3)
  3 ribbon worms
  2 dart slugs
  4 endoplasms
  3 giant cockroaches (D:1)
  8 goblins
  5 hobgoblins
  7 jackals
  8 kobolds
  4 quokkas
  5 ball pythons
  5 bats
  4 frilled lizards (D:1)
  10 rats
78 creatures vanquished.

Notes
Turn   | Place    | Note
-------+----------+-------------------------------------------
     0 | D:1      | Silvore the Demonspawn Fighter began the quest for the Orb.
     0 | D:1      | Reached XP level 1. HP: 18/18 MP: 1/1
   203 | D:1      | Reached skill level 2 in Long Blades
   208 | D:1      | Gained mutation: A meltable shield of frost defends you.
                  | (SH +0) [demonic ancestry]
   208 | D:1      | Reached XP level 2. HP: 9/24 MP: 2/2
   577 | D:1      | Gained mutation: You are partially covered in slimy green
                  | scales. (AC +2) [demonic ancestry]
   577 | D:1      | Reached XP level 3. HP: 26/29 MP: 3/3
  1364 | D:2      | Reached XP level 4. HP: 35/35 MP: 4/4
  1364 | D:2      | Found a faded altar of an unknown god.
  1841 | D:3      | Reached skill level 3 in Long Blades
  2118 | D:3      | Found a broken altar of Ashenzari.
  2154 | D:3      | Noticed Natasha
  2179 | D:3      | Killed Natasha
  2180 | D:3      | Reached XP level 5. HP: 7/41 MP: 5/5
  2339 | D:3      | Reached skill level 1 in Dodging
  2406 | D:3      | Noticed Natasha
  2419 | D:3      | Killed Natasha
  2523 | D:3      | Found a runed translucent door.
  2524 | D:3      | Noticed Crazy Yiuf
  2675 | D:3      | Noticed Natasha
  2690 | D:3      | Killed Natasha
  2691 | D:3      | Reached skill level 4 in Long Blades
  3143 | D:3      | Mangled by Crazy Yiuf

Illustrated notes

Levels and vault maps discovered:
D:1:      lordsloth_arrival_two_stooges, layout_basic, minmay_octomino_e4
D:2:      layout_loops_cross, hellmonk_ecumenical_altar_leap_of_faith
D:3:      layout_loops_corners, ashenzari_conservatory_becter, serial_glass,
          glass_columns_b, glass_columns_b, uniq_natasha,
          uniq_crazy_yiuf_cottage

Skill      XL: |  1  2  3  4  5 |
---------------+----------------+-----
Long Blades    | 2 3 4 |  4.1
Shields        | 3 |  3.4
Armour         | 3 |  3.3
Dodging        | 1 |  1.0
Fighting       | |  3.5

Action                     |  1- 3 |  4- 6 || total
---------------------------+-------+-------++-------
  Melee: Long sword        |   149 |   144 ||   293
    Use: Scroll            |     4 |     1 ||     5
         Potion            |       |     1 ||     1
 Armour: Scale mail        |    97 |   109 ||   206
  Dodge: Dodged            |    69 |    53 ||   122
  Block: Buckler           |    71 |    83 ||   154
